 Dungeon Crawl Stone Soup version 0.29-a0-830-gcb1280458a (webtiles) character file.

Game seed: 7490305504018953735

0 Locuples the Trooper (level 1, -2/18 HPs)
             Began as a Demonspawn Berserker on July 12, 2022.
             Was a Follower of Trog.
             Shot with a sling bullet by a goblin (3 damage)
             ... on level 1 of the Dungeon.
             The game lasted 00:00:25 (50 turns).

Locuples the Trooper (Demonspawn Berserker)           Turns: 50, Time: 00:00:26

Health: -2/18      AC:  2    Str: 17    XL:     1   Next: 0%
Magic:  1/1        EV: 12    Int:  8    God:    Trog [*.....]
Gold:   0          SH:  0    Dex: 12    Spells: 0/0 levels left

rFire   . . .      SeeInvis .   a - +0 hand axe
rCold   . . .      Faith    .   (no shield)
rNeg    . . .      Spirit   .   b - +0 animal skin
rPois   .          Reflect  .   (no helmet)
rElec   .          Harm     .   (no cloak)
rCorr   .          Rampage  .   (no gloves)
Will    .....                   (no boots)
Stlth   +.........              (no amulet)
HPRegen 0.06/turn               (no ring)
MPRegen 0.07/turn               (no ring)

@: no status effects
A: no striking features
a: Renounce Religion, Berserk


You were on level 1 of the Dungeon.
You worshipped Trog.
Trog was aware of your devotion.
You visited 1 branch of the dungeon, and saw 1 of its levels.

Inventory:

Hand Weapons
 a - a +0 hand axe (weapon)
Armour
 b - a +0 animal skin (worn)
Scrolls
 c - a scroll of teleportation {unknown}


   Skills:
 + Level 3.0 Fighting
 + Level 2.6 Axes
 + Level 1.7 Armour
 - Level 1.7 Dodging


You couldn't memorise any spells.
You didn't know any spells.
Your spell library was empty.

Dungeon Overview and Level Annotations

Branches:
Dungeon (1/15)

Altars:


Message History

The kobold closely misses you.
You hit the kobold.
The kobold is severely wounded.
The goblin shoots a sling bullet.
The sling bullet closely misses you.
The kobold hits you with a +0 short sword.
You barely miss the kobold.
The kobold is severely wounded.
The goblin shoots a sling bullet.
The sling bullet barely misses you.
The kobold hits you with a +0 short sword.
You closely miss the kobold.
The kobold is severely wounded.
The goblin shoots a sling bullet.
The sling bullet barely misses you. The kobold misses you.
You miss the kobold.
The kobold is severely wounded.
The goblin shoots a sling bullet.
The sling bullet hits you.
* * * LOW HITPOINT WARNING * * *
The kobold closely misses you.
You miss the kobold.
The kobold is severely wounded.
The kobold closely misses you.
The goblin shoots a sling bullet.
The sling bullet hits you.
* * * LOW HITPOINT WARNING * * *
The goblin shoots a sling bullet.
The sling bullet misses you.
The kobold hits you with a +0 short sword.
* * * LOW HITPOINT WARNING * * *
You closely miss the kobold.
The kobold is severely wounded.
The goblin shoots a sling bullet.
The sling bullet barely misses you.
A goblin comes into view. It is wielding a +0 club.
The kobold misses you.
You fail to use your ability.
The goblin shoots a sling bullet.
The sling bullet barely misses you.
The kobold hits you with a +0 short sword.
* * * LOW HITPOINT WARNING * * *
You hit the kobold.
You kill the kobold!
Trog accepts your kill.
The goblin shoots a sling bullet.
The sling bullet hits you.
You die...

#>.# #..# # #..# ###
###..#############..
#####....[........'.....
....?....#######..'.....
.#.##.#..# ##.'.....
.........# ######..
.#.##.#@.# ### .. #..).#
# . #.#..# #g#..# . #..#
## #..# ...# ..>#


You could see a goblin.

Vanquished Creatures
  A kobold (D:1)
1 creature vanquished.

Notes
Turn   | Place    | Note
-------+----------+-------------------------------------------
     0 | D:1      | Locuples the Demonspawn Berserker began the quest for the
                  | Orb.
     0 | D:1      | Reached XP level 1. HP: 18/18 MP: 1/1
    50 | D:1      | Shot with a sling bullet by a goblin

Illustrated notes

Levels and vault maps discovered:
D:1:      lemuel_arrival_funnel, layout_loops_ring,
          shapermc_ecumenical_altar_totnotflames, minivault_23

Action                   || total
-------------------------++-------
Melee: Hand axe          ||     9
Armor: Animal skin       ||     1
Dodge: Dodged            ||    12

Table legend: (Time is in decaauts)
 A = Elapsed time spent in this place.
 B = Non-inter-level travel time spent in this place.
 C = Inter-level travel time spent in this place.
 D = Time resting spent in this place.
 E = Time spent auto-exploring this place.
 F = Levels seen in this place.
 G = Mean time per level.
                   A        B        C        D        E       F      G
               +--------+--------+--------+--------+--------+-----+--------+
         Total |     51 |     51 |      0 |      0 |     34 |   1 |   51.0 |
       Dungeon |     51 |     51 |      0 |      0 |     34 |   1 |   51.0 |
               +--------+--------+--------+--------+--------+-----+--------+

Top non-repeatable levels by time:
     D:1: 51 daAuts
